 Dungeon Crawl Stone Soup version 0.17.1-3-g152610e (webtiles) character file.

1734 Stendarr the Firebug (level 8, -7/67 HPs)
             Began as a Troll Fire Elementalist on Apr 9, 2016.
             Was a Follower of Sif Muna.
             Killed by divine providence
             ... invoked by an orc priest
              (9 damage)
             ... on level 5 of the Dungeon.
             The game lasted 00:19:14 (4711 turns).

Stendarr the Firebug (Troll Fire Elementalist)      Turns: 4711, Time: 00:19:14

Health: -7/67      AC:  5    Str: 19 (21) XL:     8   Next: 76%
Magic:  2/7        EV:  9    Int: 10 (13) God:    Sif Muna [*.....]
Gold:   222        SH:  0    Dex: 10      Spells: 2 memorised, 5 levels left

rFire  . . .     SeeInvis .     s - +2 spear (venom)
rCold  + . .     Clarity  +     j - +0 robe
rNeg   . . .     SustAt   .     (no shield)
rPois  .         Gourm    +     (helmet restricted)
rElec  .         Spirit   .     (no cloak)
rCorr  .         Warding  .     (gloves unavailable)
rMut   .         Stasis   .     (boots unavailable)
MR     .....                    (no amulet)
Stlth  +.........               K - ring of protection from cold
                                C - +6 ring of strength

@: very slightly contaminated, not resistant to hostile enchantments, very
unstealthy
A: unfitting armour, claws 3, horns 1, clarity, deterioration 1, fast metabolism
3, gourmand, low mp 1, regeneration 2, shaggy fur 1, tough skin 2, weak 1
a: Channel Energy, Renounce Religion


You were on level 5 of the Dungeon.
You worshipped Sif Muna.
Sif Muna was aware of your devotion.
You were full.

You visited 1 branch of the dungeon, and saw 5 of its levels.

You collected 222 gold pieces.

Inventory:

Hand Weapons
 q - a +4 hunting sling
 s - a +2 spear of venom (weapon)
 E - a +0 blowgun
 F - a +0 dagger of pain
Missiles
 l - 31 poisoned needles
 r - 128 stones (quivered)
Armour
 j - a +0 robe (worn)
Jewellery
 y - an uncursed amulet of stasis
 C - a +6 ring of strength (left claw)
 K - a ring of protection from cold (right claw)
Wands
 u - a wand of flame (25)
Scrolls
 e - 4 scrolls of fog
 k - 2 scrolls of identify
 n - 3 scrolls of enchant weapon {unknown}
 t - a scroll of blinking
 w - a scroll of recharging
 x - 4 scrolls of teleportation {unknown}
 z - a scroll of remove curse
 A - a scroll of immolation {unknown}
 B - a scroll of magic mapping {unknown}
 D - a scroll of fear {unknown}
 H - a scroll of enchant armour {unknown}
 I - a scroll of amnesia {unknown}
Potions
 d - a potion of lignification {unknown}
 g - 2 potions of cure mutation {unknown}
 h - a potion of ambrosia
 i - a potion of degeneration {unknown}
 p - a potion of brilliance
 v - a potion of heal wounds {unknown}
 G - a potion of poison {unknown}
 J - a potion of agility {unknown}
Books
 b - a book of Flames

   Spells                             Type                      Level
   a - Flame Tongue                   Conjuration/Fire             1
   b - Throw Flame                    Conjuration/Fire             2
   c - Conjure Flame                  Conjuration/Fire             3
   d - Inner Flame                    Hexes/Fire                   3
   e - Sticky Flame                   Conjuration/Fire             4
   f - Fireball                       Conjuration/Fire             5
Comestibles
 a - 11 fruits
 c - 4 bread rations
 f - 2 meat rations
 m - a slice of pizza


   Skills:
 - Level 1.5 Dodging
 - Level 1.1 Stealth
 - Level 1.2 Spellcasting
 + Level 6.2 Conjurations
 * Level 6.3 Fire Magic


You had 5 spell levels left.
You knew the following spells:

 Your Spells              Type           Power        Failure   Level  Hunger
a - Flame Tongue          Conj/Fire      ##...        2%          1    ##.....
b - Conjure Flame         Conj/Fire      ##......     10%         3    ####...


Dungeon Overview and Level Annotations

Branches:
Dungeon (5/15)
 Temple: D:4-7

Altars:
Cheibriados
Elyvilon
Kikubaaqudgha
Makhleb
Sif Muna
Trog
Yredelemnul
Zin
The Shining One


Innate Abilities, Weirdness & Mutations

You are too large for most types of armour.
You have claws for hands.
Your metabolism is lightning-fast.
You like to eat raw meat.
You heal very quickly.
You are covered in fur (AC +1).
You have very tough skin (AC +2).
You have a pair of small horns on your head.
You possess an exceptional clarity of mind.
Your body sometimes deteriorates upon taking damage.
Your magical capacity is low (-10% MP).
You are weak. (Str -2)


Message History

* * * LOW HITPOINT WARNING * * *
Attack whom?
Press: ? - help, Dir - move target cursor, f/p - orc priest
Aim: an orc priest, wielding a trident (moderately wounded, poisoned)
You reach to attack!
You hit the orc priest.
The orc priest looks even sicker.
The orc priest is heavily wounded.
The orc priest invokes the aid of Beogh against you.
Something smites you!
* * * LOW HITPOINT WARNING * * *
Casting: Flame Tongue
Confirm with . or Enter, or press ? or * to list all spells.
Aiming: Flame Tongue
Press: ? - help, Shift-Dir - straight line, f/p - orc priest
Aim: an orc priest, wielding a trident (severely wounded, poisoned)
You miscast Flame Tongue.
You are very lightly contaminated with residual magic.
You feel a strange surge of energy!
The orc priest calls down the wrath of Beogh upon you.
Something smites you!
You die...

... ####..........P..#
...##.......(###.PP..#
.................#oP)...#
#..........(............#
##..............P....P..## #
#......##...##.##(PP##.## #
#......##...##.##(##...# #
#.............o.......... #
#...........@.o.......... #
#........................
######<......................
#...##....(#############.##..
...........##...#### .# .
............'......# ..
............#......# +
#...##......#......#
#(####......#......#


You could see an orc priest and an orc.

Vanquished Creatures
  Eustachio (D:4)
  The ghost of ThereIsNoGod the Skirmisher, an amateur DsBe of Trog (D:4)
  2 ice beasts (D:5)
  2 ogres
  A phantom (D:5)
  2 centaurs (D:5)
  A giant frog (D:4)
  A hound (D:4)
  5 worker ants
  5 orc priests
  Terence (D:2)
  Natasha (thrice) (D:2)
  4 orc wizards
  A worker ant zombie (D:5)
  7 gnolls (D:2)
  14 adders
  A shadow imp (D:5)
  An ooze (D:1)
  3 worms
  An adder skeleton (D:5)
  8 orcs
  6 ball pythons
  3 giant cockroaches
  10 goblins
  8 hobgoblins
  7 bats
  4 giant geckos
  A giant gecko skeleton (D:4)
  7 giant newts
  7 jackals (D:3)
  12 kobolds
  2 quokka skeletons (D:5)
  4 rats
136 creatures vanquished.

Vanquished Creatures (others)
  A plant (D:3)
1 creature vanquished.

Grand Total: 137 creatures vanquished

Notes
Turn   | Place    | Note
--------------------------------------------------------------
     0 | D:1      | Stendarr the Troll Fire Elementalist began the quest for the Orb.
     0 | D:1      | Reached XP level 1. HP: 16/16 MP: 1/1
    22 | D:1      | Reached skill level 1 in Conjurations
    44 | D:1      | Reached XP level 2. HP: 18/24 MP: 2/2
   348 | D:1      | Reached XP level 3. HP: 31/31 MP: 3/3
   655 | D:2      | Noticed Natasha
   677 | D:2      | Killed Natasha
   677 | D:2      | Reached XP level 4. HP: 32/39 MP: 4/4
   801 | D:2      | Reached skill level 3 in Conjurations
   806 | D:2      | Noticed Natasha
   909 | D:2      | Killed Natasha
   909 | D:2      | Reached XP level 5. HP: 33/45 MP: 5/5
   918 | D:2      | Noticed Terence
   930 | D:2      | Learned a level 3 spell: Conjure Flame
   970 | D:2      | Killed Terence
  1007 | D:2      | Noticed Natasha
  1009 | D:2      | Killed Natasha
  1246 | D:2      | Found a basalt altar of Yredelemnul.
  1695 | D:3      | Reached XP level 6. HP: 51/53 MP: 6/6
  1802 | D:3      | Reached skill level 4 in Conjurations
  1894 | D:3      | Found a white marble altar of Elyvilon.
  1895 | D:3      | Found a glowing silver altar of Zin.
  1901 | D:3      | Found a bloodstained altar of Trog.
  2308 | D:4      | Found a glowing golden altar of the Shining One.
  2609 | D:4      | Noticed Eustachio
  2748 | D:4      | Gained mutation: You are weak. (Str -2) [potion of mutation]
  2748 | D:4      | Gained mutation: Your body sometimes deteriorates upon taking damage. [potion of mutation]
  2748 | D:4      | Gained mutation: You have a pair of small horns on your head. [potion of mutation]
  2749 | D:4      | Gained mutation: You possess an exceptional clarity of mind. [potion of mutation]
  2749 | D:4      | Gained mutation: Your magical capacity is low (-10% MP). [potion of mutation]
  2762 | D:4      | Killed Eustachio
  2762 | D:4      | Reached XP level 7. HP: 36/59 MP: 3/6
  2931 | D:4      | Reached skill level 5 in Conjurations
  3078 | D:4      | Noticed ThereIsNoGod's ghost (amateur DsBe)
  3239 | D:4      | Killed ThereIsNoGod's ghost
  3632 | D:5      | Entered Level 5 of the Dungeon
  3637 | D:4      | Reached XP level 8. HP: 57/67 MP: 7/7
  3681 | D:4      | Reached skill level 5 in Fire Magic
  3955 | D:5      | Found a deep blue altar of Sif Muna.
  3956 | D:5      | Found a burning altar of Makhleb.
  3960 | D:5      | Became a worshipper of Sif Muna the Loreminder
  4116 | D:5      | Reached skill level 6 in Conjurations
  4399 | D:5      | Found a snail-covered altar of Cheibriados.
  4604 | D:5      | Reached * piety under Sif Muna
  4648 | D:5      | Found an ancient bone altar of Kikubaaqudgha.
  4710 | D:5      | HP: 2/67 [orc priest/divine providence (14)]
  4711 | D:5      | Killed from afar by an orc priest

Action                   |  1- 3 |  4- 6 |  7- 9 || total
-------------------------+-------+-------+-------++-------
Melee: Unarmed           |   123 |     8 |       ||   131
       Spear             |       |   260 |   187 ||   447
 Fire: Hunting sling     |       |     8 |       ||     8
 Cast: Flame Tongue      |       |    24 |    35 ||    59
       Conjure Flame     |       |     1 |     5 ||     6
  Use: Potion            |       |     6 |     1 ||     7
       Scroll            |       |       |     6 ||     6
 Stab: Sleeping          |     1 |     7 |     3 ||    11
       Distracted        |       |     1 |       ||     1
       Invisible         |       |     1 |       ||     1
  Eat: Chunk             |    12 |    18 |    20 ||    50
